 Dungeon Crawl Stone Soup version 0.27.0-1-g7a089689b8 (webtiles) character file.

Game seed: 18261622526114298666

97 PentaManta the Insei (level 4, 0/32 HPs)
             Began as a Merfolk Transmuter on Aug 14, 2021.
             Slain by Natasha (4 damage)
             ... on level 2 of the Dungeon.
             The game lasted 00:05:07 (2707 turns).

PentaManta the Insei (Merfolk Transmuter)           Turns: 2707, Time: 00:05:08

Health: 0/32       AC:  2    Str: 10    XL:     4   Next: 68%
Magic:  8/8        EV: 12    Int: 13    God:
Gold:   117        SH:  0    Dex: 14    Spells: 0/8 levels left

rFire    . . .     SeeInvis .     - Unarmed
rCold    . . .     Faith    .   (no shield)
rNeg     . . .     Spirit   .   a - +0 robe
rPois    .         Reflect  .   (helmet currently unavailable)
rElec    .         Harm     .   (no cloak)
rCorr    .         Rampage  .   (no gloves)
Will     .....                  (boots currently unavailable)
Stlth    +.........             (no amulet)
HPRegen  0.10/turn              (no ring)
MPRegen  0.11/turn              (no ring)

@: appendages
A: horns 2, (nimble swimmer 2), mertail
a: End Transformation


You were on level 2 of the Dungeon.
You had temporarily grown beastly horns.
You visited 1 branch of the dungeon, and saw 2 of its levels.

You collected 117 gold pieces.

Inventory:

Missiles
 d - 3 stones (quivered)
Armour
 a - a +0 robe (worn)
 c - a +0 buckler
 g - a +0 leather armour
 h - a +2 hat (melded)
Scrolls
 b - a scroll of identify {unknown}
 e - a scroll of enchant weapon {unknown}
Potions
 f - a potion of mutation {unknown}
 i - a potion of flight {unknown}
 j - 2 potions of might {unknown}
 k - a potion of attraction {unknown}


   Skills:
 - Level 1.1 Fighting
 - Level 2.6 Dodging
 + Level 4.6 Unarmed Combat
 - Level 2.8 Spellcasting
 - Level 4.0 Transmutations


You couldn't memorise any spells.
You knew the following spells:

 Your Spells              Type           Power      Damage    Failure   Level
a - Beastly Appendage     Tmut           24%        N/A       4%          1
b - Spider Form           Tmut/Pois      3%         N/A       30%         3
c - Ice Form              Ice/Tmut       7%         N/A       71%         4

Your spell library contained the following spells:

 Spells                   Type           Power      Damage    Failure   Level
 Wereblood                Tmut           12%        N/A       7%          2


Dungeon Overview and Level Annotations

Branches:
Dungeon (2/15)

Altars:

Shops:
D:1 (

Annotations:
D:2 Natasha


Innate Abilities, Weirdness & Mutations

You have temporarily grown beastly horns.
((You are quick and stealthy near water. (Stealth+, EV+, Speed+++)))
Your lower body shifts to a powerful aquatic tail in water.


Message History

Natasha, Servant of Life and Death comes into view.
Natasha hisses angrily.
Natasha stares at you and mumbles some strange words.
The magic dart hits you.
Casting: Spider Form (quite dangerous; 30% risk of failure)
Confirm with . or Enter, or press ? or * to list all spells.
You grow a pair of large bovine horns.
Your +2 hat melds into your body.
Natasha claws you!
You closely miss Natasha. Natasha claws you.
You hit Natasha.
Natasha is heavily wounded.
Natasha barely misses you.
You hit Natasha but do no damage.
Natasha is heavily wounded.
Natasha casts a spell at you. You resist with some effort.
You closely miss Natasha. Your headbutt misses Natasha.
Natasha is heavily wounded.
Natasha closely misses you.
You hit Natasha but do no damage.
Natasha is heavily wounded.
Natasha claws you.
You closely miss Natasha. You headbutt Natasha.
Natasha is almost dead.
You closely miss Natasha.
Natasha is almost dead.
Natasha claws you!
* * * LOW HITPOINT WARNING * * *
You barely miss Natasha. Your headbutt misses Natasha.
Natasha is almost dead.
Natasha claws you.
* * * LOW HITPOINT WARNING * * *
You completely miss Natasha.
Natasha is almost dead.
Natasha claws you.
* * * LOW HITPOINT WARNING * * *
You hit Natasha but do no damage.
Natasha is almost dead.
Natasha claws you.
You die...

*,,,,,,,,,,,,,,,* *,,,
*,,,,,,,,,..,,..*
**,,,
**,,,,,,(,..,,.**
***,,,,
**,,,,,*,..,.**
**,,,***
*******,.#.####**,,***
* **)#.....,,,**
*....###****
###......#
#.@h#***,**** ###.#.#
*,,,,***** #...#.#
****,,,,,* #.###.###
*****,* #.# *..<#
*.###
##.#####.#########....
#...##.............###
#......#.#########..**
#...####.# *#..#


You could see Natasha.

Vanquished Creatures
  Terence (D:2)
  Natasha (D:2)
  An adder (D:2)
  A worm (D:2)
  2 dart slugs
  2 bats (D:1)
  An endoplasm (D:1)
  4 hobgoblins
  5 kobolds
  8 ball pythons
  3 frilled lizards (D:2)
  5 rats
34 creatures vanquished.

Notes
Turn   | Place    | Note
-------+----------+-------------------------------------------
     0 | D:1      | PentaManta the Merfolk Transmuter began the quest for the
                  | Orb.
     0 | D:1      | Reached XP level 1. HP: 15/15 MP: 3/3
   824 | D:1      | Reached XP level 2. HP: 21/21 MP: 3/5
   854 | D:1      | Found Ajoole's Antique Weapon Emporium.
  1771 | D:2      | Reached XP level 3. HP: 21/26 MP: 6/6
  2008 | D:2      | Learned a level 3 spell: Spider Form
  2008 | D:2      | Noticed Terence
  2012 | D:2      | Noticed Natasha
  2017 | D:2      | Killed Natasha
  2018 | D:2      | Reached XP level 4. HP: 29/32 MP: 5/8
  2029 | D:2      | Learned a level 4 spell: Ice Form
  2430 | D:2      | Killed Terence
  2693 | D:2      | Noticed Natasha
  2707 | D:2      | Slain by Natasha

Illustrated notes

Levels and vault maps discovered:
D:1:      minmay_arrival_three_doors, layout_loops_corners, serial_shops, shop
D:2:      layout_rooms, uniq_terence, uniq_natasha

Skill      XL: |  1  2  3 |
---------------+----------+-----
Transmutations | 3 4 |  4.0
Unarmed Combat | 4 |  4.6
Fighting       | |  1.1
Dodging        | |  2.6
Spellcasting   | |  2.8

Action                   |  1- 3 |  4- 6 || total
-------------------------+-------+-------++-------
Melee: Unarmed           |    89 |    22 ||   111
       Headbutt          |    10 |     2 ||    12
       Punch             |       |     1 ||     1
Throw: Stone             |    18 |       ||    18
 Cast: Beastly Appendage |    19 |     3 ||    22
       Spider Form       |       |     1 ||     1
 Stab: Sleeping          |     1 |       ||     1
Armor: Robe              |    13 |       ||    13
Dodge: Dodged            |    65 |     9 ||    74
